 Dungeon Crawl Stone Soup version 0.31-a0-965-g8a8ce12e04 (webtiles) character file.

Game seed: 12591970236146482595

2240 Dordric the Grappler (level 9, -5/79 HPs)
             Began as an Octopode Shapeshifter on Oct 26, 2023.
             Slain by Maggie
             ... wielding a +1 morningstar of flaming
              (8 damage)
             ... on level 6 of the Dungeon.
             The game lasted 00:09:21 (7037 turns).

Dordric the Grappler (Octopode Shapeshifter)        Turns: 7037, Time: 00:09:22

Health: -5/79      AC: 24    Str: 16    XL:     9   Next: 36%
Magic:  9/9        EV:  2    Int: 18    God:
Gold:   452        SH:  0    Dex: 13    Spells: 8/8 levels left

rFire   . .          .
                       - Unarmed
rCold   . . .        (no shield)
rNeg    + . .        (helmet currently unavailable)
rPois   +            (no amulet)
rElec   .            n - +6 ring of intelligence
rCorr   .            q - ring of positive energy
SInv    .            x - ring of poison resistance
Will    .....        (no ring)
Stlth   +            (no ring)
HPRegen 0.33/turn    (no ring)
MPRegen 0.11/turn    (no ring)
                     (no ring)

%: no passive effects
@: tree-form, mesmerised
A: stationary, stasis, torment immunity, boosted hp, almost no armour,
(amphibious), 8 rings, (camouflage 1), (gelatinous body 1), (nimble swimmer 1),
(tentacles)
a: no special abilities


You were on level 6 of the Dungeon.
You were a tree.
You visited 1 branch of the dungeon, and saw 6 of its levels.
You also visited: Sewer.

You collected 452 gold pieces.

Inventory:

Jewellery
 n - a +6 ring of intelligence (left branch)
 q - a ring of positive energy (right branch)
 x - a ring of poison resistance (on tentacle)
Talismans
 b - a beast talisman
 c - a flux talisman (active)
Wands
 l - a wand of flame (3) (quivered)
 u - a wand of light (12)
Scrolls
 d - 2 scrolls of fear
 f - 2 scrolls of vulnerability
 h - 2 scrolls of teleportation
 i - a scroll of blinking
 j - 2 scrolls of brand weapon
Potions
 a - 5 potions of lignification
 e - 4 potions of brilliance {unknown}
 g - 2 potions of resistance {unknown}
 k - 3 potions of heal wounds {unknown}
 m - 3 potions of curing {unknown}
 o - a potion of degeneration {unknown}
 p - 2 potions of might {unknown}
 r - 4 potions of haste {unknown}
 s - a potion of magic {unknown}
 t - a potion of cancellation {unknown}
 v - 2 potions of invisibility {unknown}
 w - a potion of ambrosia {unknown}


   Skills:
 - Level 1.0 Fighting
 - Level 2.0 Dodging
 + Level 10.1 Unarmed Combat
 - Level 7.4 Shapeshifting


You had 8 spell levels left.
You didn't know any spells.
Your spell library contained the following spells:

 Spells                   Type           Power      Damage    Failure   Level
 Ozocubu's Armour         Ice            0%         N/A       54%         3
 Ozocubu's Refrigeration  Ice            0%         4d7       100%        7


Dungeon Overview and Level Annotations

Branches:
Dungeon (6/15)              Sewer (visited)
 Temple: D:4-7

Altars:
Gozag
Kikubaaqudgha
Ru

Annotations:
D:4 2 transporters, IdlyInterested's ghost, amateur DsFi
D:6 Maggie


Innate Abilities, Weirdness & Mutations

You are a tree.
Your roots penetrate the ground, keeping you stationary.
You cannot be teleported.
You are immune to unholy pain and torment.
Your maximum health is greatly increased.
You cannot wear most types of armour.
((You are amphibious.))
You can wear up to eight rings at the same time.
((Your skin changes colour to match your surroundings (Stealth+).))
((Your rubbery body absorbs attacks. (AC +1, EV +1)))
((You are camouflaged when in or above water. (Stealth+)))
((You have tentacles for arms and can constrict up to eight enemies at once.))


Message History

Maggie begins to glow.
You grab Maggie. You squeeze Maggie, but do no damage.
You constrict Maggie, but do no damage.
Maggie hits you with a +1 morningstar of flaming.
Maggie burns you.
You completely miss Maggie. You constrict Maggie.
Maggie gestures at you while chanting. The bolt of fire hits you!!
You are too injured to fight recklessly!
You are too injured to fight recklessly!
You are too injured to fight recklessly!
You are too injured to fight recklessly!
You are too injured to fight recklessly!
You are too injured to fight recklessly!
You are too injured to fight recklessly!
You are too injured to fight recklessly!
You are too injured to fight recklessly!
You are too injured to fight recklessly!
You are too injured to fight recklessly!
You are too injured to fight recklessly!
You tentacle-slap Maggie.
Maggie glows dangerously bright.
You squeeze Maggie.
Maggie is moderately wounded.
You constrict Maggie, but do no damage.
Maggie hits you with a +1 morningstar of flaming!
* * * LOW HITPOINT WARNING * * *
Maggie burns you.
* * * LOW HITPOINT WARNING * * *
Your transformation has ended.
You turn into a tree.
Your roots penetrate the ground.
You lose your grip on Maggie.
Maggie gestures at you while chanting. The bolt of fire hits you!
* * * LOW HITPOINT WARNING * * *
You barely miss Maggie.
Maggie is moderately wounded.
Maggie mumbles some strange words.
Maggie draws you further into her thrall.
You pummel Maggie!! You punch Maggie.
Maggie is severely wounded.
Maggie hits you with a +1 morningstar of flaming!
You die...

###
#......#.....# .#
#
###'####.....#..#
#.........<..+..#
#...........##..#
#...........##..#
##########......+
#.#......#
#.#.8......#
........♣...#
.......@##..#
.#.#.8..# ..#
#_#8#... ... #
###... #### ....
. .... ####


You could see Maggie (mesmerising, heavy contam).

Vanquished Creatures
  A two-headed ogre (D:5)
  A shadow (D:6)
  A sky beast (D:6)
  5 ogres
  2 kobold brigands (Sewer)
  2 phantoms
  A gnoll bouda (D:5)
  An orc priest (D:5)
  3 jellies
  2 iguanas
  A sleepcap (D:5)
  Natasha (thrice) (D:2)
  An orc wizard (D:5)
  7 gnolls
  8 adders
  A river rat (D:4)
  An ufetubus (D:6)
  A worm (D:2)
  2 dart slugs
  7 orcs
  8 endoplasms
  5 giant cockroaches
  34 goblins
  27 hobgoblins
  3 jackals (D:2)
  33 kobolds
  4 quokkas
  14 ball pythons
  8 bats
  6 frilled lizards
  7 rats
200 creatures vanquished.

Notes
Turn   | Place    | Note
-------+----------+-------------------------------------------
     0 | D:1      | Dordric the Octopode Shapeshifter began the quest for the
                  | Orb.
     0 | D:1      | Reached XP level 1. HP: 13/13 MP: 1/1
    83 | D:1      | Reached XP level 2. HP: 18/18 MP: 2/2
   475 | D:1      | Reached XP level 3. HP: 11/23 MP: 3/3
  1211 | D:2      | Reached XP level 4. HP: 25/28 MP: 4/4
  1599 | D:2      | Noticed Natasha
  1607 | D:2      | Killed Natasha
  1670 | D:2      | Reached skill level 5 in Shapeshifting
  1793 | D:2      | Noticed Natasha
  1797 | D:2      | Killed Natasha
  1798 | D:2      | Reached XP level 5. HP: 33/33 MP: 5/5
  1884 | D:2      | Noticed Natasha
  1889 | D:2      | Killed Natasha
  1937 | D:2      | Noticed a great orb of eyes
  1939 | D:2      | Found a faded altar of an unknown god.
  1941 | D:2      | Noticed a golden eye
  1941 | D:2      | Noticed an eye of devastation
  1941 | D:2      | Noticed an eye of devastation
  2283 | D:3      | Found a sacrificial altar of Ru.
  2333 | D:3      | Found an ancient bone altar of Kikubaaqudgha.
  2584 | D:3      | Noticed an ogre
  2592 | D:3      | Killed an ogre
  2593 | D:3      | Reached XP level 6. HP: 2/38 MP: 6/6
  2985 | D:4      | Noticed a yak
  2994 | D:4      | Noticed IdlyInterested's ghost (amateur DsFi)
  3050 | D:4      | Found a transporter.
  3059 | D:4      | Found a glowing drain.
  3085 | Sewer    | Entered a sewer
  3131 | Sewer    | HP: 1/38 [poisoned by a kobold brigand]
  3409 | Sewer    | Reached XP level 7. HP: 34/43 MP: 7/7
  4775 | D:4      | Reached skill level 4 in Unarmed Combat
  5130 | D:4      | Found a transporter.
  5376 | D:5      | Entered Level 5 of the Dungeon
  5432 | D:5      | Noticed a two-headed ogre
  5442 | D:5      | Killed a two-headed ogre
  5443 | D:5      | Reached skill level 7 in Unarmed Combat
  5443 | D:5      | Reached XP level 8. HP: 18/48 MP: 8/8
  5705 | D:5      | Reached skill level 8 in Unarmed Combat
  6018 | D:5      | Reached XP level 9. HP: 32/53 MP: 9/9
  6165 | D:5      | Reached skill level 9 in Unarmed Combat
  6914 | D:6      | Reached skill level 10 in Unarmed Combat
  7027 | D:6      | Noticed Maggie
  7028 | D:6      | Found an opulent altar of Gozag.
  7035 | D:6      | HP: 3/79 [Maggie/bolt of fire (11)]
  7037 | D:6      | Slain by Maggie

Illustrated notes

Levels and vault maps discovered:
D:1:      heliophobic_arrival_enchanted_forest, layout_basic,
          lexackson_kobold_supper
D:2:      layout_basic, hellmonk_ecumenical_altar_watching_god,
          minmay_misc_feat_tower, uniq_natasha
D:3:      layout_loops_cross, nicolae_kikubaaqudgha_miasma_corner,
          nicolae_ru_the_path_less_chosen
D:4:      minmay_goblin_kobold_castle, layout_basic, gammafunk_ghost_arena,
          portal_sewer_entry_a
D:5:      layout_loops_ring, st_stairs_1, hangedman_decor_points,
          nicolae_tricolors
D:6:      minmay_chambers_of_fours, layout_gridville, minitemple,
          serial_co_window_serial, co_window_paths_a, co_window_corner_a,
          co_window_paths_a, co_window_paths_b, co_window_paths_b,
          co_window_broadway_c, co_window_of_opportunity_c, co_window_corner_ca,
          co_window_corner_ca, co_window_paths_d, glass_columns_c,
          chequers_serial_rivers_small_b, grunt_decor_mini_mirrors,
          uniq_jeremiah, uniq_maggie, uniq_eustachio

Skill      XL: |  1  2  3  4  5  6  7  8  9 |
---------------+----------------------------+-----
Shapeshifting  | 4 5 6 7 |  7.4
Unarmed Combat | 7 8 10 | 10.1
Fighting       | |  1.0
Dodging        | |  2.0

Action                     |  1- 3 |  4- 6 |  7- 9 || total
---------------------------+-------+-------+-------++-------
  Melee: Unarmed           |    84 |   100 |   239 ||   423
         Constrict         |    23 |    28 |    64 ||   115
         Tentacles         |    16 |    21 |    62 ||    99
         Punch             |     1 |     1 |     1 ||     3
  Evoke: Wand              |       |       |     8 ||     8
    Use: Scroll            |       |       |     8 ||     8
         Potion            |       |       |     1 ||     1
   Stab: Sleeping          |     5 |     5 |     2 ||    12
         Distracted        |       |     1 |       ||     1
 Armour: Skin              |    38 |    41 |   102 ||   181
  Dodge: Dodged            |    62 |    59 |   127 ||   248
   Form: Flux              |       |     1 |       ||     1

Table legend: (Time is in decaauts)
 A = Elapsed time spent in this place.
 B = Non-inter-level travel time spent in this place.
 C = Inter-level travel time spent in this place.
 D = Time resting spent in this place.
 E = Time spent auto-exploring this place.
 F = Levels seen in this place.
 G = Mean time per level.
                   A        B        C        D        E       F      G
               +--------+--------+--------+--------+--------+-----+--------+
         Total |   7000 |   6904 |     96 |    206 |   5563 |   7 | 1000.0 |
       Dungeon |   6231 |   6135 |     96 |     41 |   5106 |   6 | 1038.5 |
         Sewer |    769 |    769 |      0 |    165 |    457 |   1 |  769.0 |
               +--------+--------+--------+--------+--------+-----+--------+

Top non-repeatable levels by time:
     D:4: 1640 daAuts
     D:2: 1256 daAuts
     D:5: 1121 daAuts
     D:1: 928 daAuts
   Sewer: 769 daAuts
     D:3: 759 daAuts
     D:6: 524 daAuts
